cohdb
Replays
Latest Replays
All Replays
Popular Replays
Top Player Replays
Match Explorer
How It Works
Community
CoH3 Stats
Reddit
Sign in to upload your games and track your stats! →
Sign in with Steam
Match 45539432
Unlisted
Match 45539432
Overview
Messages
Build Orders
End
Construct Infanterie Kompanie
Selects Breakthrough Battlegroup
Selects Assault Grenadiers
Grenadier Squad
Grenadier Squad
Medical Station
MG 42 Machine Gun Team
GrW 34 Mortar Team
Infanterie Officer Quarters
Construct Panzergrenadier Kompanie
Selects Smoke Bombing Run
Selects Rapid Production
Support Elements
Nebelwerfer 42 Rocket Launcher Team
Smoke Bombing Run
Selects Incendiary Bombing Run
Medical Bunker
StuG III G Assault Gun
Panzergrenadier Squad
Skull Throne
CommieRed
Thank You Chef
Kray-Tos
Mr.Shcribbles
Gerald Bowmans
HeadTACO
Markie21marc
0
0
Comments
sign in to comment!
No comments posted yet!